TOP OF THE 1ST |
Asheville Tourists batting - Pitching for Mobile Bears : LHP Robert Konopa
|
Pitching: LHP Robert Konopa
|
|
Batting: RHB Ulises Infante
|
0-0: Called Strike 0-1: Called Strike 0-2: Strikes out swinging
|
Batting: SHB Wayne Simmons
|
0-0: Foul Ball, location: 2F 0-1: Called Strike 0-2: Ground out 3-1 (Groundball, 34S, EV 82.5 MPH)
|
Batting: LHB Mike Aldrete
|
0-0: Swinging Strike 0-1: Ball 1-1: Foul Ball, location: 2F 1-2: Strikes out looking
|
Top of the 1st over - 0 runs, 0 hits, 0 errors, 0 left on base; Asheville 0 - Mobile 0 |
BOTTOM OF THE 1ST |
Mobile Bears batting - Pitching for Asheville Tourists : LHP Miguel Reyes
|
Pitching: LHP Miguel Reyes
|
|
Batting: LHB Jeffrey Szczecinski
|
0-0: Ball 1-0: Ball 2-0: Ball 3-0: Base on Balls
|
Batting: RHB Bob Hendershot
|
0-0: Ball 1-0: Ball 2-0: Ball 3-0: Called Strike 3-1: Fly out, F7 (Flyball, 7, EV 86.3 MPH)
|
Batting: LHB Franklin Stubbs
|
0-0: Ball 1-0: Called Strike 1-1: Called Strike 1-2: Ball 2-2: Foul Ball, location: 2F 2-2: Foul Ball, location: 2F 2-2: Strikes out looking
|
Batting: SHB Dave Cochrane
|
0-0: Foul Ball, location: 2F 0-1: Ball 1-1: Ground out 6-3 (Groundball, 6S, EV 71.9 MPH)
|
Bottom of the 1st over - 0 runs, 0 hits, 0 errors, 1 left on base; Asheville 0 - Mobile 0 |
TOP OF THE 2ND |
Asheville Tourists batting - Pitching for Mobile Bears : LHP Robert Konopa
|
Batting: RHB Wes Robbins
|
0-0: Ball 1-0: Called Strike 1-1: Ball 2-1: Foul Ball, location: 2F 2-2: SINGLE (Groundball, 56D, EV 105.6 MPH)
|
Batting: LHB Donald Mazzilli
|
0-0: Ball 1-0: Called Strike 1-1: Swinging Strike 1-2: Ball 2-2: Foul Ball, location: 2F 2-2: Ball 3-2: Base on Balls Wes Robbins to second
|
Batting: RHB Gareth Ledbetter
|
0-0: Called Strike Wes Robbins steals 3rd base Donald Mazzilli to second 0-1: Fly out, F9 (Flyball, 9LM, EV 93.8 MPH) Runner from 3rd tags up, SCORES, throw by RF Donald Mazzilli to third
|
Batting: RHB Jack Ramirez
|
0-0: Fly out, F8 (Flyball, 8LM, EV 91.3 MPH) Runner from 3rd tags up, SCORES, no throw by CF
|
Batting: RHB Scott Thayer
|
0-0: Ball 1-0: Foul Ball, location: 2F 1-1: Called Strike 1-2: Ball 2-2: Strikes out looking
|
Top of the 2nd over - 2 runs, 1 hit, 0 errors, 0 left on base; Asheville 2 - Mobile 0 |
BOTTOM OF THE 2ND |
Mobile Bears batting - Pitching for Asheville Tourists : LHP Miguel Reyes
|
Batting: RHB Rick Stromer
|
0-0: Foul Ball, location: 2F 0-1: Ball 1-1: Ground out 4-3 (Groundball, 4, EV 89.4 MPH)
|
Batting: SHB Paul Hundhammer
|
0-0: Ball 1-0: Ball 2-0: Called Strike 2-1: Foul Ball, location: 2F 2-2: Strikes out swinging
|
Batting: RHB Jim Opie
|
0-0: Ball 1-0: Called Strike 1-1: Ground out 3-1 (Groundball, 34S, EV 92.5 MPH)
|
Bottom of the 2nd over - 0 runs, 0 hits, 0 errors, 0 left on base; Asheville 2 - Mobile 0 |
TOP OF THE 3RD |
Asheville Tourists batting - Pitching for Mobile Bears : LHP Robert Konopa
|
Batting: LHB Daniel McInerny
|
0-0: Called Strike 0-1: Called Strike 0-2: Ball 1-2: Ball 2-2: Fly out, F9 (Flyball, 9LM, EV 77.5 MPH)
|
Batting: RHB Ulises Infante
|
0-0: Single, Error in OF, E7, batter to second base (Line Drive, 56D, EV 98.1 MPH)
|
Batting: SHB Wayne Simmons
|
0-0: Called Strike 0-1: Foul Ball, location: 2F 0-2: Strikes out swinging
|
Batting: LHB Mike Aldrete
|
0-0: Ball 1-0: Ball 2-0: Ball 3-0: Called Strike 3-1: Base on Balls
|
Batting: RHB Wes Robbins
|
0-0: Ball 1-0: Ball Wild Pitch! Ulises Infante to third Mike Aldrete to second 2-0: Called Strike 2-1: Ball 3-1: Base on Balls
|
Batting: LHB Donald Mazzilli
|
0-0: Called Strike 0-1: Ball 1-1: Ball 2-1: Foul Ball, location: 2F 2-2: Foul Ball, location: 2F 2-2: Strikes out swinging
|
Top of the 3rd over - 0 runs, 1 hit, 1 error, 3 left on base; Asheville 2 - Mobile 0 |
BOTTOM OF THE 3RD |
Mobile Bears batting - Pitching for Asheville Tourists : LHP Miguel Reyes
|
Batting: LHB Ken Smith
|
0-0: Ball 1-0: Swinging Strike 1-1: Foul Ball, location: 2F 1-2: Strikes out looking
|
Batting: RHB Walter Steele
|
0-0: Ball 1-0: Ball 2-0: Ball 3-0: Base on Balls
|
Batting: LHB Jeffrey Szczecinski
|
0-0: Called Strike 0-1: Ball 1-1: Ball 2-1: Foul Ball, location: 2F 2-2: Ball 3-2: Foul Ball, location: 2F 3-2: Fielders Choice at 2nd, 4-6 (Groundball, 4, EV 102.5 MPH)
|
Batting: RHB Bob Hendershot
|
0-0: Ball 1-0: Called Strike 1-1: Ball 2-1: Swinging Strike 2-2: Foul Ball, location: 2F 2-2: Ball 3-2: Base on Balls Jeffrey Szczecinski to second
|
Batting: LHB Franklin Stubbs
|
0-0: Called Strike 0-1: Called Strike 0-2: Ball 1-2: Ball 2-2: Strikes out swinging
|
Bottom of the 3rd over - 0 runs, 0 hits, 0 errors, 2 left on base; Asheville 2 - Mobile 0 |
TOP OF THE 4TH |
Asheville Tourists batting - Pitching for Mobile Bears : LHP Robert Konopa
|
Batting: RHB Gareth Ledbetter
|
0-0: Ball 1-0: Ball 2-0: Ground out 3-1 (Groundball, 34S, EV 87.5 MPH)
|
Pitching: RHP Keith Hendry
|
|
Batting: RHB Jack Ramirez
|
0-0: Ball 1-0: Called Strike 1-1: Foul Ball, location: 2F 1-2: Ball 2-2: Foul Ball, location: 2F 2-2: SINGLE (Groundball, 15, EV 90.6 MPH) (infield hit)
|
Batting: RHB Scott Thayer
|
0-0: Called Strike 0-1: Ball 1-1: Ball 2-1: Fly out, F8 (Line Drive, 8RM, EV 108.8 MPH)
|
Batting: LHB Daniel McInerny
|
0-0: Ball Jack Ramirez steals 2nd base 1-0: Ball 2-0: Ball 3-0: Foul Ball, location: 2F 3-1: Swinging Strike 3-2: Foul Ball, location: 2F 3-2: Strikes out swinging
|
Top of the 4th over - 0 runs, 1 hit, 0 errors, 1 left on base; Asheville 2 - Mobile 0 |
BOTTOM OF THE 4TH |
Mobile Bears batting - Pitching for Asheville Tourists : LHP Miguel Reyes
|
Batting: SHB Dave Cochrane
|
0-0: Foul Ball, location: 2F 0-1: Foul Ball, location: 2F 0-2: Ball 1-2: Foul Ball, location: 2F 1-2: Foul Ball, location: 2F 1-2: SOLO HOME RUN (Flyball, 78XD, EV 98.1 MPH), Distance : 427 ft
|
Batting: RHB Rick Stromer
|
0-0: Ball 1-0: Ball 2-0: Ball 3-0: Called Strike 3-1: Base on Balls
|
Batting: SHB Paul Hundhammer
|
0-0: Foul Ball, location: 2F 0-1: Called Strike 0-2: Ball 1-2: Strikes out swinging
|
Batting: RHB Jim Opie
|
Pickoff Throw to First - Out! 1-3 0-0: Ball 1-0: Called Strike 1-1: Ball 2-1: Foul Ball, location: 2F 2-2: Ball 3-2: Strikes out looking
|
Bottom of the 4th over - 1 run, 1 hit, 0 errors, 0 left on base; Asheville 2 - Mobile 1 |
TOP OF THE 5TH |
Asheville Tourists batting - Pitching for Mobile Bears : RHP Keith Hendry
|
Batting: RHB Ulises Infante
|
0-0: Foul Ball, location: 2F 0-1: Ball 1-1: Ground out 1-3 (Groundball, 34S, EV 64.4 MPH)
|
Batting: SHB Wayne Simmons
|
0-0: Ground out 4-3 (Groundball, 34, EV 84.4 MPH)
|
Batting: LHB Mike Aldrete
|
0-0: Ball 1-0: Ball 2-0: Ball 3-0: Base on Balls
|
Batting: RHB Wes Robbins
|
0-0: Called Strike 0-1: Ball 1-1: Ball 2-1: Foul Ball, location: 2F 2-2: Ball 3-2: Fly out, F8 (Line Drive, 8RD, EV 98.8 MPH)
|
Top of the 5th over - 0 runs, 0 hits, 0 errors, 1 left on base; Asheville 2 - Mobile 1 |
BOTTOM OF THE 5TH |
Mobile Bears batting - Pitching for Asheville Tourists : LHP Miguel Reyes
|
Batting: LHB Ken Smith
|
0-0: Ball 1-0: Foul Ball, location: 2F 1-1: Swinging Strike 1-2: Fly out, F9 (Flyball, 89M, EV 93.1 MPH)
|
Batting: RHB Walter Steele
|
0-0: Ball 1-0: Ball 2-0: Ball 3-0: Base on Balls
|
Batting: LHB Jeffrey Szczecinski
|
0-0: Ball 1-0: Called Strike 1-1: Foul Ball, location: 2F 1-2: Strikes out swinging
|
Batting: RHB Bob Hendershot
|
0-0: Ball 1-0: Called Strike 1-1: Foul Ball, location: 2F 1-2: Foul Ball, location: 2F 1-2: Strikes out swinging
|
Bottom of the 5th over - 0 runs, 0 hits, 0 errors, 1 left on base; Asheville 2 - Mobile 1 |
TOP OF THE 6TH |
Asheville Tourists batting - Pitching for Mobile Bears : RHP Keith Hendry
|
Batting: LHB Donald Mazzilli
|
0-0: Foul Ball, location: 2F 0-1: Ball 1-1: Foul Ball, location: 2F 1-2: Strikes out swinging
|
Batting: RHB Gareth Ledbetter
|
0-0: Called Strike 0-1: Ground out 5-3 (Groundball, 56S, EV 73.1 MPH)
|
Batting: RHB Jack Ramirez
|
0-0: Ground out 5-3 (Groundball, 5, EV 104.4 MPH)
|
Top of the 6th over - 0 runs, 0 hits, 0 errors, 0 left on base; Asheville 2 - Mobile 1 |
BOTTOM OF THE 6TH |
Mobile Bears batting - Pitching for Asheville Tourists : LHP Miguel Reyes
|
Batting: LHB Franklin Stubbs
|
0-0: SOLO HOME RUN (Flyball, 7LD, EV 94.4 MPH), Distance : 352 ft
|
Batting: SHB Dave Cochrane
|
0-0: SOLO HOME RUN (Flyball, 78XD, EV 105.0 MPH), Distance : 423 ft
|
Batting: RHB Rick Stromer
|
0-0: Called Strike 0-1: Swinging Strike 0-2: Ball 1-2: Strikes out looking
|
Batting: SHB Paul Hundhammer
|
0-0: Ball 1-0: Called Strike 1-1: Foul Ball, location: 2F 1-2: Ball 2-2: Foul Ball, location: 2F 2-2: Fly out, F7 (Line Drive, 7, EV 90.0 MPH)
|
Batting: RHB Jim Opie
|
0-0: Ball 1-0: Ball 2-0: Called Strike 2-1: Swinging Strike 2-2: Foul Ball, location: 2F 2-2: Ball 3-2: Foul Ball, location: 2F 3-2: Base on Balls
|
Batting: LHB Ken Smith
|
0-0: Foul Ball, location: 2F 0-1: Ball 1-1: Ground out U3 (Groundball, 3, EV 85.6 MPH)
|
Bottom of the 6th over - 2 runs, 2 hits, 0 errors, 1 left on base; Asheville 2 - Mobile 3 |
TOP OF THE 7TH |
Asheville Tourists batting - Pitching for Mobile Bears : RHP Keith Hendry
|
Batting: RHB Scott Thayer
|
0-0: Called Strike 0-1: Ball 1-1: Foul Ball, location: 2F 1-2: Ball 2-2: Ground out 4-3 (Groundball, 4S, EV 87.5 MPH)
|
Batting: LHB Daniel McInerny
|
0-0: Ball 1-0: Fly out, F9 (Line Drive, 9, EV 86.9 MPH)
|
Batting: RHB Ulises Infante
|
0-0: Ball 1-0: Ball 2-0: Called Strike 2-1: Foul Ball, location: 2F 2-2: Ground out U3 (Groundball, 34, EV 88.1 MPH)
|
Top of the 7th over - 0 runs, 0 hits, 0 errors, 0 left on base; Asheville 2 - Mobile 3 |
BOTTOM OF THE 7TH |
Mobile Bears batting - Pitching for Asheville Tourists : LHP Miguel Reyes
|
Batting: RHB Walter Steele
|
0-0: Ball 1-0: Ball 2-0: Ball 3-0: Base on Balls
|
Batting: LHB Jeffrey Szczecinski
|
0-0: Ball 1-0: Ball 2-0: Called Strike 2-1: Ball 3-1: Fielders Choice at 2nd, 1-6 (Groundball, 13S, EV 70.6 MPH)
|
Pitching: RHP Jeff Barkley
|
|
Batting: RHB Bob Hendershot
|
0-0: Called Strike 0-1: Ball 1-1: Ball 2-1: Fly out, F8 (Flyball, 8RM, EV 83.1 MPH)
|
Batting: LHB Franklin Stubbs
|
0-0: Called Strike Jeffrey Szczecinski steals 2nd base (no throw) 0-1: Ball 1-1: Ball 2-1: Foul Ball, location: 2F 2-2: Ball 3-2: Foul Ball, location: 2F 3-2: Base on Balls
|
Batting: SHB Dave Cochrane
|
0-0: Foul Ball, location: 2F 0-1: Ball 1-1: Ball 2-1: Ball 3-1: Base on Balls Jeffrey Szczecinski to third Franklin Stubbs to second
|
Batting: RHB Rick Stromer
|
0-0: Swinging Strike 0-1: Ball 1-1: Ground out 4-3 (Groundball, 4, EV 78.1 MPH)
|
Bottom of the 7th over - 0 runs, 0 hits, 0 errors, 3 left on base; Asheville 2 - Mobile 3 |
TOP OF THE 8TH |
Asheville Tourists batting - Pitching for Mobile Bears : RHP Keith Hendry
|
Batting: SHB Wayne Simmons
|
0-0: Ball 1-0: Called Strike 1-1: Foul Ball, location: 2F 1-2: Ball 2-2: Ball 3-2: TRIPLE (Flyball, 8RXD, EV 110.0 MPH)
|
Pitching: LHP Bill Bordley
|
|
Batting: LHB Mike Aldrete
|
0-0: Foul Ball, location: 2F 0-1: Fly out, F8 (Line Drive, 8RD, EV 85.0 MPH) Runner from 3rd tags up, SCORES, no throw by CF
|
Batting: RHB Wes Robbins
|
0-0: Ball 1-0: Ball 2-0: Ball 3-0: Base on Balls
|
Batting: LHB Donald Mazzilli
|
0-0: Ball Wes Robbins is caught stealing 2nd base 2-6 1-0: Foul Ball, location: 2F 1-1: Ball 2-1: Called Strike 2-2: Ball 3-2: Strikes out swinging
|
Top of the 8th over - 1 run, 1 hit, 0 errors, 0 left on base; Asheville 3 - Mobile 3 |
BOTTOM OF THE 8TH |
Mobile Bears batting - Pitching for Asheville Tourists : RHP Jeff Barkley
|
Batting: SHB Paul Hundhammer
|
0-0: Called Strike 0-1: Called Strike 0-2: Ball 1-2: Ball 2-2: Ground out 4-3 (Groundball, 4, EV 82.5 MPH)
|
Batting: RHB Jim Opie
|
0-0: Called Strike 0-1: Foul Ball, location: 2F 0-2: SINGLE (Groundball, 6MD, EV 96.3 MPH)
|
Batting: LHB Ken Smith
|
0-0: Called Strike 0-1: Swinging Strike 0-2: Ball 1-2: Fly out, F5 (Popup, 5SF, EV 80.6 MPH)
|
Batting: RHB Walter Steele
|
0-0: Fly out, F8 (Line Drive, 8LD, EV 90.6 MPH)
|
Bottom of the 8th over - 0 runs, 1 hit, 0 errors, 1 left on base; Asheville 3 - Mobile 3 |
TOP OF THE 9TH |
Asheville Tourists batting - Pitching for Mobile Bears : LHP Bill Bordley
|
Pitching: RHP Dave S Smith
|
|
Batting: RHB Gareth Ledbetter
|
0-0: Ball 1-0: Called Strike 1-1: Ball 2-1: SINGLE (Groundball, 6MD, EV 101.3 MPH)
|
Batting: RHB Jack Ramirez
|
0-0: Called Strike 0-1: Ball 1-1: Ball 2-1: Ball 3-1: Foul Ball, location: 2F 3-2: Strikes out looking
|
Batting: RHB Scott Thayer
|
0-0: Swinging Strike 0-1: Grounds into double play, 3-6-3 (Groundball, 34, EV 79.4 MPH)
|
Top of the 9th over - 0 runs, 1 hit, 0 errors, 0 left on base; Asheville 3 - Mobile 3 |
BOTTOM OF THE 9TH |
Mobile Bears batting - Pitching for Asheville Tourists : RHP Jeff Barkley
|
Pitching: RHP Moises Rangel
|
|
Batting: LHB Jeffrey Szczecinski
|
0-0: Called Strike 0-1: Ball 1-1: Ball 2-1: Fly out, F8 (Flyball, 8LM, EV 83.1 MPH)
|
Batting: RHB Bob Hendershot
|
0-0: Called Strike 0-1: Foul Ball, location: 2F 0-2: Strikes out looking
|
Batting: LHB Franklin Stubbs
|
0-0: Ball 1-0: Ground out 1-3 (Groundball, P, EV 62.5 MPH)
|
Bottom of the 9th over - 0 runs, 0 hits, 0 errors, 0 left on base; Asheville 3 - Mobile 3 |
TOP OF THE 10TH |
Asheville Tourists batting - Pitching for Mobile Bears : RHP Dave S Smith
|
Batting: LHB Daniel McInerny
|
0-0: Ball 1-0: Fly out, F8 (Line Drive, 8RM, EV 92.5 MPH)
|
Batting: RHB Ulises Infante
|
0-0: Ball 1-0: Ball 2-0: Ball 3-0: Swinging Strike 3-1: Ground out 6-3 (Groundball, 6, EV 84.4 MPH)
|
Batting: SHB Wayne Simmons
|
0-0: Ball 1-0: Ball 2-0: Ball 3-0: Swinging Strike 3-1: Ground out 4-3 (Groundball, 4, EV 102.5 MPH)
|
Top of the 10th over - 0 runs, 0 hits, 0 errors, 0 left on base; Asheville 3 - Mobile 3 |
BOTTOM OF THE 10TH |
Mobile Bears batting - Pitching for Asheville Tourists : RHP Moises Rangel
|
Batting: SHB Dave Cochrane
|
0-0: Ball 1-0: Ball 2-0: Ball 3-0: Base on Balls
|
Batting: LHB Douglas Latrenta
|
0-0: Ball 1-0: Fielders Choice at 2nd, 4-6 (Groundball, 4, EV 111.3 MPH)
|
Batting: SHB Paul Hundhammer
|
0-0: Ball Douglas Latrenta is caught stealing 2nd base 2-6 1-0: Called Strike 1-1: Called Strike 1-2: Single, Error in OF, E9, batter to second base (Groundball, 34D, EV 110.6 MPH)
|
Batting: RHB Jim Opie
|
0-0: Ball 1-0: Ball 2-0: Called Strike 2-1: Foul Ball, location: 2F 2-2: Foul Ball, location: 2F 2-2: Fly out, F9 (Flyball, 9D, EV 103.1 MPH)
|
Bottom of the 10th over - 0 runs, 1 hit, 1 error, 1 left on base; Asheville 3 - Mobile 3 |
TOP OF THE 11TH |
Asheville Tourists batting - Pitching for Mobile Bears : RHP Dave S Smith
|
Batting: LHB Mike Aldrete
|
0-0: Foul Ball, location: 2F 0-1: Foul Ball, location: 2F 0-2: Ball 1-2: Foul Ball, location: 2F 1-2: Strikes out swinging
|
Batting: RHB Wes Robbins
|
0-0: Ball 1-0: Ball 2-0: Fly out, F9 (Flyball, 9, EV 91.9 MPH)
|
Batting: LHB Donald Mazzilli
|
0-0: Ball 1-0: SINGLE (Line Drive, 7S, EV 106.9 MPH)
|
Batting: RHB Gareth Ledbetter
|
0-0: Swinging Strike 0-1: Foul Ball, location: 2F 0-2: Ball Donald Mazzilli steals 2nd base 1-2: Ball 2-2: SINGLE (Groundball, 56D, EV 109.4 MPH) Donald Mazzilli to third Runner from 3rd tries for Home, SAFE, throw by LF to home
|
Batting: RHB Jack Ramirez
|
0-0: Foul Ball, location: 2F 0-1: Fly out, F8 (Flyball, 78D, EV 108.8 MPH)
|
Top of the 11th over - 1 run, 2 hits, 0 errors, 1 left on base; Asheville 4 - Mobile 3 |
BOTTOM OF THE 11TH |
Mobile Bears batting - Pitching for Asheville Tourists : RHP Moises Rangel
|
Batting: LHB Ken Smith
|
0-0: Ball 1-0: Called Strike 1-1: Foul Ball, location: 2F 1-2: Strikes out swinging
|
Batting: RHB Walter Steele
|
0-0: Ball 1-0: Foul Ball, location: 2F 1-1: Ball 2-1: Ball 3-1: Base on Balls
|
Batting: LHB Jeffrey Szczecinski
|
0-0: Ball 1-0: Ball 2-0: Ball 3-0: Called Strike 3-1: Foul Ball, location: 2F 3-2: Base on Balls Walter Steele to second
|
Batting: RHB Bob Hendershot
|
0-0: Foul Ball, location: 2F 0-1: Swinging Strike 0-2: Ball 1-2: Foul Ball, location: 2F 1-2: Foul Ball, location: 2F 1-2: Foul Ball, location: 2F 1-2: Strikes out looking
|
Batting: LHB Franklin Stubbs
|
0-0: Ball 1-0: Ball 2-0: Ball 3-0: Called Strike 3-1: Foul Ball, location: 2F 3-2: Base on Balls Walter Steele to third Jeffrey Szczecinski to second
|
Batting: SHB Dave Cochrane
|
0-0: Ball 1-0: Ball 2-0: Ball 3-0: Base on Balls Walter Steele scores Jeffrey Szczecinski to third Franklin Stubbs to second
|
Batting: LHB Douglas Latrenta
|
0-0: Called Strike 0-1: Foul Ball, location: 2F 0-2: Ground out 4-3 (Groundball, 34D, EV 110.0 MPH)
|
Bottom of the 11th over - 1 run, 0 hits, 0 errors, 3 left on base; Asheville 4 - Mobile 4 |
TOP OF THE 12TH |
Asheville Tourists batting - Pitching for Mobile Bears : RHP Dave S Smith
|
Batting: RHB Scott Thayer
|
0-0: Ball 1-0: Called Strike 1-1: Ground out 5-3 (Groundball, 56, EV 101.9 MPH)
|
Batting: LHB Daniel McInerny
|
0-0: Called Strike 0-1: Ball 1-1: Ball 2-1: Swinging Strike 2-2: Ball 3-2: Strikes out swinging
|
Batting: RHB Ulises Infante
|
0-0: Called Strike 0-1: Foul Ball, location: 2F 0-2: Fly out, F9 (Flyball, 89D, EV 88.1 MPH)
|
Top of the 12th over - 0 runs, 0 hits, 0 errors, 0 left on base; Asheville 4 - Mobile 4 |
BOTTOM OF THE 12TH |
Mobile Bears batting - Pitching for Asheville Tourists : RHP Moises Rangel
|
Pitching: LHP Dave Schuler
|
|
Pinch Hitting: RHB Jose Aguirre
|
0-0: Called Strike 0-1: Fly out, F9 (Line Drive, 9, EV 95.0 MPH)
|
Batting: RHB Jim Opie
|
0-0: Called Strike 0-1: Swinging Strike 0-2: Ball 1-2: Ground out 5-3 (Groundball, 56S, EV 73.8 MPH)
|
Batting: LHB Ken Smith
|
0-0: Ball 1-0: Ball 2-0: Called Strike 2-1: SINGLE (Groundball, 4MS, EV 65.0 MPH) (infield hit)
|
Batting: RHB Walter Steele
|
0-0: Fly out, F8 (Flyball, 78D, EV 95.0 MPH)
|
Bottom of the 12th over - 0 runs, 1 hit, 0 errors, 1 left on base; Asheville 4 - Mobile 4 |
TOP OF THE 13TH |
Asheville Tourists batting - Pitching for Mobile Bears : RHP Dave S Smith
|
Now at SS: Vern Followell
|
|
Batting: SHB Wayne Simmons
|
0-0: Foul Ball, location: 2F 0-1: Fly out, F6 (Popup, 6M, EV 74.4 MPH)
|
Batting: LHB Mike Aldrete
|
0-0: Fly out, F6 (Popup, 6, EV 55.0 MPH)
|
Batting: RHB Wes Robbins
|
0-0: Called Strike 0-1: Foul Ball, location: 2F 0-2: Ball 1-2: Fly out, F3 (Flyball, 3D, EV 88.8 MPH)
|
Top of the 13th over - 0 runs, 0 hits, 0 errors, 0 left on base; Asheville 4 - Mobile 4 |
BOTTOM OF THE 13TH |
Mobile Bears batting - Pitching for Asheville Tourists : LHP Dave Schuler
|
Batting: LHB Jeffrey Szczecinski
|
0-0: Called Strike 0-1: Ball 1-1: SINGLE (Line Drive, 7LS, EV 98.8 MPH)
|
Batting: RHB Bob Hendershot
|
0-0: Called Strike 0-1: Ball 1-1: Ball 2-1: Foul Ball, location: 2F 2-2: Foul Ball, location: 2F 2-2: DOUBLE (Line Drive, 78D, EV 110.6 MPH) Jeffrey Szczecinski to third
|
Batting: LHB Franklin Stubbs
|
0-0: Fly out, F8 (Flyball, 89M, EV 76.3 MPH) Runner from 3rd tags up, OUT at HOME! 8-2 Bob Hendershot to third
|
Batting: SHB Dave Cochrane
|
0-0: Intentional Walk
|
Batting: LHB Douglas Latrenta
|
0-0: Ball 1-0: SINGLE (Groundball, 34D, EV 101.9 MPH) Bob Hendershot scores
|
Bottom of the 13th over - 1 run, 3 hits, 0 errors, 0 left on base; Asheville 4 - Mobile 5 |
|